 Dungeon Crawl Stone Soup version 0.20.0-1-g1cb1d84 (webtiles) character file.

96 Stendarr the Vexing (level 4, 0/24 HPs)
             Began as a Deep Elf Arcane Marksman on May 26, 2017.
             Slain by an orc priest
             ... wielding a +0 hand axe
              (1 damage)
             ... on level 2 of the Dungeon.
             The game lasted 00:11:19 (3106 turns).

Stendarr the Vexing (Deep Elf Arcane Marksman)      Turns: 3106, Time: 00:11:20

Health: 0/24       AC:  8    Str:  8    XL:     4   Next: 41%
Magic:  0/10       EV:  3    Int: 18    God:
Gold:   52         SH:  0    Dex: 15    Spells: 6/9 levels left

rFire    . . .     SeeInvis .   d - +0 short sword
rCold    . . .     Gourm    .   (no shield)
rNeg     . . .     Faith    .   p - +0 chain mail
rPois    .         Spirit   +   (no helmet)
rElec    .         Reflect  .   l - scarf {Spirit}
rCorr    .         Harm     .   (no gloves)
MR       .....                  (no boots)
Stlth    ..........             (no amulet)
Regen    0.1/turn               (no ring)
MPRegen  0.2/turn               (no ring)

@: no status effects
A: no striking features
a: no special abilities


You were on level 2 of the Dungeon.
You were not hungry.

You visited 1 branch of the dungeon, and saw 3 of its levels.

You collected 52 gold pieces.

Inventory:

Hand Weapons
 a - a +0 shortbow
 d - a +0 short sword (weapon)
Missiles
 i - 9 arrows
Armour
 e - a +0 robe
 l - a scarf of spirit shield (worn)
 p - a +0 chain mail (worn)
Scrolls
 g - a scroll of identify {unknown}
 h - 2 scrolls of amnesia {unknown}
 j - a scroll of fog {unknown}
 m - 2 scrolls of magic mapping {unknown}
 o - a scroll of blinking {unknown}
Books
 c - a book of Debilitation

   Spells                             Type                      Level
   a - Corona                         Hexes                        1
   b - Slow                           Hexes                        2
   c - Inner Flame                    Hexes/Fire                   3
   d - Portal Projectile              Hexes/Translocation          3
   e - Cause Fear                     Hexes                        4
   f - Leda's Liquefaction            Hexes/Earth                  4
Comestibles
 f - 3 bread rations
 k - a meat ration


   Skills:
 + Level 0.7 Fighting
 - Level 3.1 Bows
 + Level 3.0 Dodging
 + Level 3.0 Spellcasting
 * Level 5.4 Hexes


You had 6 spell levels left.
You knew the following spells:

 Your Spells              Type           Power        Failure   Level  Hunger
a - Corona                Hex            ###....      98%         1    None
b - Slow                  Hex            ###.....     99%         2    ##.....


Dungeon Overview and Level Annotations

Branches:
Dungeon (3/15)

Altars:


Message History

The orc priest is heavily wounded.
The orc priest looks satisfied for a moment.
You hit the orc priest but do no damage.
The orc priest is heavily wounded.
The orc priest hits you but does no damage.
You closely miss the orc priest.
The orc priest is heavily wounded.
The orc priest hits you but does no damage.
Your chain mail prevents you from hitting the orc priest.
The orc priest is heavily wounded.
The orc priest hits you but does no damage.
You hit the orc priest.
The orc priest is severely wounded.
The orc priest calls down the wrath of Beogh upon you.
Beogh smites you!
* * * LOW HITPOINT WARNING * * *
Your chain mail prevents you from hitting the orc priest.
The orc priest is severely wounded.
The orc priest hits you with a hand axe.
You die...

#.# #.# #####.# #.....# ###
#.###.# #.# #.# #.#######
#.# #.# #>......######.# #.#
#)####.......#.# ####.###@#
#.......#.# #.......o#
#.......#.#
#.......)####.......#.###
#...........o............
#........####.......#.#.#
####........# ##.......#.#.#
#..........####...#......#.#
#.#........'.............#.#
#.#........#..#...##..####.#


You could see an orc priest.

Vanquished Creatures
  A hound skeleton (D:3)
  3 adders
  2 dart slugs
  5 orcs
  4 giant cockroaches
  5 goblins
  8 hobgoblins
  7 bats
  5 kobolds
  5 rats
45 creatures vanquished.

Notes
Turn   | Place    | Note
-------+----------+-------------------------------------------
     0 | D:1      | Stendarr the Deep Elf Arcane Marksman began the quest for the Orb.
     0 | D:1      | Reached XP level 1. HP: 11/11 MP: 5/5
   148 | D:1      | Reached XP level 2. HP: 13/16 MP: 6/6
   613 | D:1      | Learned a level 2 spell: Slow
   771 | D:2      | Reached XP level 3. HP: 14/20 MP: 3/8
  1663 | D:3      | Found a glowing drain.
  2007 | D:3      | Reached skill level 5 in Hexes
  2020 | D:3      | HP: 1/20 [adder (3)]
  2036 | D:3      | Reached XP level 4. HP: 8/24 MP: 4/9
  3105 | D:2      | HP: 1/24 [orc priest/divine providence (8)]
  3106 | D:2      | Slain by an orc priest

Skill      XL: |  1  2  3  4 |
---------------+-------------+-----
Spellcasting   | 2 3 |  3.0
Hexes          | 5 |  5.4
Bows           | 3 |  3.1
Dodging        | 3 |  3.0
Fighting       | |  0.7

Action                   |  1- 3 |  4- 6 || total
-------------------------+-------+-------++-------
Melee: Short sword       |    40 |    69 ||   109
       Unarmed           |    28 |       ||    28
 Fire: Shortbow          |    98 |       ||    98
 Cast: Corona            |    33 |     9 ||    42
       Slow              |     7 |     2 ||     9
  Use: Potion            |     3 |     2 ||     5
 Stab: Sleeping          |       |     1 ||     1
  Eat: Chunk             |     2 |     4 ||     6
       Royal jelly       |     1 |       ||     1
Armor: Robe              |    17 |     6 ||    23
       Chain mail        |       |    21 ||    21
Dodge: Dodged            |    85 |    42 ||   127
